[Event "Titled Tuesday Blitz August 1 Early 2023"]
[White "Levine, David"]
[Black "Gu, Xiaobing"]
[WhiteFideId "2011611"]
[BlackFideId "8602611"]
[WhiteElo "2098"]
[BlackElo "2349"]
[Result "0-1"]
[Round "3"]
[TimeControl "180+1"]
[Date "2023.08.01"]
[WhiteClock "0:00:43"]
[BlackClock "0:00:34"]
[Board "252"]

1. d4 Nf6 2. c4 e6 3. g3 d5 4. Bg2 Bb4+ 5. Bd2 Be7 6. Nf3 c6 7. O-O O-O 8. Qc2 b6 9. Bf4 Nbd7 10. Rd1 Ba6 11. b3 h6 12. Nbd2 g5 13. Be5 Ng4 14. h3 Ngxe5 15. Nxe5 Nxe5 16. dxe5 Qc7 17. cxd5 exd5 18. Bxd5 Qxe5 19. Bxc6 Rac8 20. Qe4 Qf6 21. Bd5 Rfe8 22. Qf3 Qxf3 23. Bxf3 Ba3 24. Ne4 Re7 25. Nf6+ Kg7 26. Nd5 Re5 27. Rd4 Bb2 28. Rad1 Bxd4 29. Rxd4 Bxe2 30. Bxe2 Rxe2 31. Ra4 Rcc2 32. Rxa7 Rxf2 33. a4 Rfd2 34. Ne3 Rc1+ 35. Nf1 Rdd1 0-1


[Site "https://www.chess.com"]

[Event "Titled Tuesday Blitz August 1 Early 2023"]
[White "Goughfather"]
[Black "Bashirli, Saadat"]
[BlackFideId "13429990"]
[WhiteElo "2097"]
[BlackElo "2348"]
[Result "0-1"]
[Round "3"]
[TimeControl "180+1"]
[Date "2023.08.01"]
[WhiteClock "0:00:00"]
[BlackClock "0:00:43"]
[Board "253"]

1. d4 Nf6 2. Nc3 e6 3. e4 Bb4 4. Bd3 d5 5. exd5 exd5 6. Bg5 O-O 7. Ne2 c6 8. O-O Bg4 9. f3 Bh5 10. a3 Bd6 11. Bf4 Bg6 12. Bxg6 hxg6 13. Qd2 Re8 14. Rae1 Na6 15. Bxd6 Qxd6 16. Qf4 Qd7 17. Nc1 Nc7 18. Qd2 Ne6 19. Qf2 Rad8 20. Nd3 b6 21. Ne5 Qc7 22. f4 a6 23. Re2 c5 24. dxc5 bxc5 25. Rfe1 Nd4 26. Rd2 Qe7 27. Nd3 Ne4 28. Nxe4 dxe4 29. Ne5 Qb7 30. b3 Nf5 31. Qe2 e3 32. Rd3 Nd4 33. Qxe3 Nxc2 34. Rxd8 Rxd8 0-1


[Site "https://www.chess.com"]

[Event "Titled Tuesday Blitz August 1 Early 2023"]
[White "Romero Arzuaga, Yudel"]
[Black "Winkels, Marcel"]
[WhiteFideId "3521010"]
[BlackFideId "1003887"]
[WhiteElo "2348"]
[BlackElo "2096"]
[Result "1-0"]
[Round "3"]
[TimeControl "180+1"]
[Date "2023.08.01"]
[WhiteClock "0:00:36"]
[BlackClock "0:00:00"]
[Board "254"]

1. d4 Nf6 2. Nf3 g6 3. Bf4 Bg7 4. e3 d6 5. h3 O-O 6. Be2 Nc6 7. O-O Nd7 8. c3 e5 9. dxe5 Ndxe5 10. Nbd2 Bf5 11. Qb3 a5 12. Qxb7 Rb8 13. Qa6 Rb6 14. Bxe5 Rxa6 15. Bxg7 Kxg7 16. Bxa6 Ne5 17. Nxe5 dxe5 18. Nf3 f6 19. Rfd1 Qa8 20. Be2 Rd8 21. Rxd8 Qxd8 22. Rd1 Qb8 23. Rd2 a4 24. Bc4 g5 25. Ne1 Qb6 26. Nd3 Be6 27. Bxe6 Qxe6 28. Nb4 c5 29. Nd5 a3 30. bxa3 Qa6 31. e4 Qxa3 32. Rd1 Qxa2 33. Ne3 Qb2 34. c4 h5 35. g3 h4 36. Nf5+ Kf8 37. gxh4 gxh4 38. Rd8+ Kf7 39. Rd7+ Kf8 40. Rd6 Qb1+ 41. Kh2 Qxe4 42. Ne3 f5 43. Rf6+ Ke8 44. Rxf5 Qd4 45. Rh5 Kd7 46. Rh7+ Kc6 47. Rh6+ Kb7 48. Kg1 Ka7 49. Rg6 Qf4 50. Rg4 Qf6 51. Kg2 Qe6 52. Rxh4 e4 53. Rg4 1-0


[Site "https://www.chess.com"]

[Event "Titled Tuesday Blitz August 1 Early 2023"]
[White "Nugumanov, Bakhtiyar"]
[Black "Topalov, Aleksandar"]
[WhiteFideId "13701797"]
[BlackFideId "925659"]
[WhiteElo "2078"]
[BlackElo "2346"]
[Result "0-1"]
[Round "3"]
[TimeControl "180+1"]
[Date "2023.08.01"]
[WhiteClock "0:00:05"]
[BlackClock "0:00:07"]
[Board "255"]

1. Nf3 Nf6 2. c4 g6 3. g3 Bg7 4. Bg2 O-O 5. O-O d6 6. Nc3 e5 7. d3 Nc6 8. Rb1 a5 9. b3 h6 10. h3 Be6 11. e4 b6 12. Be3 Nd7 13. d4 exd4 14. Nxd4 Nxd4 15. Bxd4 Bxd4 16. Qxd4 Nc5 17. Qe3 Kh7 18. f4 Rb8 19. f5 Bd7 20. Nd5 Bc6 21. Rbd1 Bxd5 22. Rxd5 Qe7 23. e5 Rbe8 24. e6 fxe6 25. fxg6+ Kxg6 26. Rd4 Rxf1+ 27. Bxf1 Rf8 28. Rg4+ Kh7 29. a3 Qf6 30. Rf4 Qg7 31. b4 axb4 32. axb4 Rxf4 33. Qxf4 Nd7 34. Bd3+ Kh8 35. Qf3 Ne5 36. Qe3 Qf6 37. Be2 Qg5 38. Qf2 Kg7 39. Kh2 Qf6 40. Qe3 Qg5 41. Qf2 Qd2 42. Kg2 Qxb4 43. Qf4 Qb2 44. Kf1 Qb1+ 45. Kg2 Qf5 46. Qd4 Qf6 47. g4 Qg5 48. Kg3 Qf6 49. h4 Ng6 50. Qe4 Qxh4+ 51. Kf3 Qf6+ 52. Kg2 Nf4+ 53. Kg3 Nxe2+ 54. Qxe2 Qe5+ 55. Qxe5+ dxe5 0-1


[Site "https://www.chess.com"]

[Event "Titled Tuesday Blitz August 1 Early 2023"]
[White "AndresDelgado77"]
[Black "Lakshmi C"]
[BlackFideId "25035347"]
[WhiteElo "2344"]
[BlackElo "2069"]
[Result "1-0"]
[Round "3"]
[TimeControl "180+1"]
[Date "2023.08.01"]
[WhiteClock "0:00:10"]
[BlackClock "0:00:00"]
[Board "256"]

1. e4 c5 2. Nf3 Nc6 3. b4 Nxb4 4. c3 Nc6 5. d4 cxd4 6. cxd4 d5 7. exd5 Qxd5 8. Nc3 Qa5 9. Bd2 Qd8 10. d5 Nb8 11. Qa4+ Bd7 12. Qb3 Bc8 13. Ne5 Nf6 14. Nb5 e6 15. d6 Bxd6 16. Nc4 Be7 17. Bf4 Nd5 18. Rd1 O-O 19. Nc3 Nc6 20. Ne5 Qa5 21. Nxc6 bxc6 22. Bd2 Bb4 23. Rc1 Nxc3 24. Bxc3 Bxc3+ 25. Rxc3 Rb8 26. Qc2 Bd7 27. Be2 Rfc8 28. O-O c5 29. Rc1 h6 30. Bc4 Ba4 31. Qe2 Qb4 32. h4 Qb2 33. Qe4 Qd2 34. Bd3 1-0


[Site "https://www.chess.com"]

[Event "Titled Tuesday Blitz August 1 Early 2023"]
[White "Goswami, Vedant"]
[Black "Wisniowski, Natalie"]
[WhiteFideId "5003725"]
[BlackFideId "30929261"]
[WhiteElo "2344"]
[BlackElo "2054"]
[Result "1-0"]
[Round "3"]
[TimeControl "180+1"]
[Date "2023.08.01"]
[WhiteClock "0:00:14"]
[BlackClock "0:00:00"]
[Board "257"]

1. b3 e5 2. Bb2 Nc6 3. e3 Nf6 4. Bb5 d6 5. d4 exd4 6. exd4 Bd7 7. Nf3 g6 8. d5 Nb8 9. Be2 Bg7 10. O-O O-O 11. c4 Re8 12. Nbd2 Na6 13. Re1 Nc5 14. b4 Nce4 15. Nxe4 Rxe4 16. Bd3 Rxe1+ 17. Qxe1 Qe8 18. Kf1 Bg4 19. Nd2 Qd7 20. f3 Re8 21. Qf2 Bf5 22. Be2 Qa4 23. g4 Qxb4 24. Nb3 Bc2 25. Re1 Bxb3 26. axb3 Qxb3 27. Bd4 Qb4 28. h4 Nd7 29. Rd1 Nb6 30. Bxg7 Kxg7 31. h5 Nxc4 32. Qd4+ Kg8 33. Qxc4 Qxc4 34. Bxc4 Re3 35. Be2 Rb3 36. Rc1 1-0


[Site "https://www.chess.com"]

[Event "Titled Tuesday Blitz August 1 Early 2023"]
[White "Darmanin, Jake"]
[Black "ivana_999"]
[WhiteFideId "5601061"]
[WhiteElo "2343"]
[BlackElo "2053"]
[Result "1-0"]
[Round "3"]
[TimeControl "180+1"]
[Date "2023.08.01"]
[WhiteClock "0:00:59"]
[BlackClock "0:00:47"]
[Board "258"]

1. e4 e6 2. d4 d5 3. Nc3 Nf6 4. e5 Ng8 5. f4 c5 6. Nf3 Nc6 7. Be3 cxd4 8. Nxd4 Nh6 9. Qd2 Nxd4 10. Bxd4 Nf5 11. Bf2 Bb4 12. g4 d4 13. gxf5 dxc3 14. Qxd8+ Kxd8 15. O-O-O+ Kc7 16. bxc3 Ba3+ 17. Kb1 exf5 18. Bc4 Be6 19. Bb3 a5 20. Rhg1 g6 21. Bh4 a4 22. Bd5 Ra6 23. Bf2 Rd8 24. c4 b5 25. Bxe6 fxe6 26. Rxd8 Kxd8 27. cxb5 Ra8 28. Rd1+ Kc7 29. c4 Rd8 30. Bb6+ Kxb6 31. Rxd8 Kc5 32. Rc8+ Kb4 33. b6 Kc3 34. b7 1-0


[Site "https://www.chess.com"]

[Event "Titled Tuesday Blitz August 1 Early 2023"]
[White "Pavlidou, Ekaterini"]
[Black "Gopal, K.N."]
[WhiteFideId "4213262"]
[BlackFideId "5001447"]
[WhiteElo "2333"]
[BlackElo "2017"]
[Result "1/2-1/2"]
[Round "3"]
[TimeControl "180+1"]
[Date "2023.08.01"]
[WhiteClock "0:01:43"]
[BlackClock "0:00:21"]
[Board "260"]

1. d4 g6 2. c4 Bg7 3. Nc3 d6 4. e4 Nd7 5. f4 e6 6. Nf3 Ne7 7. h4 h5 8. Be2 c5 9. d5 exd5 10. cxd5 O-O 11. f5 gxf5 12. Bg5 f6 13. Bf4 Ne5 14. Nd2 Ng4 15. Nc4 fxe4 16. Nxd6 f5 17. Nxc8 Nxc8 18. d6 Bd4 19. Qb3+ Kh8 20. Nb5 a6 21. Nxd4 cxd4 22. Bxg4 hxg4 23. Be5+ Rf6 24. Bxf6+ Qxf6 25. Qxb7 Qxd6 26. Qxa8 Qg3+ 27. Kd1 Qd3+ 28. Kc1 Qe3+ 29. Kc2 Qd3+ 30. Kc1 Qe3+ 31. Kd1 Qd3+ 32. Ke1 Qe3+ 33. Kf1 Qd3+ 34. Kg1 Qe3+ 35. Kh2 Qf4+ 36. Kg1 Qe3+ 37. Kf1 Qd3+ 38. Ke1 Qe3+ 39. Kf1 1/2-1/2


[Site "https://www.chess.com"]

[Event "Titled Tuesday Blitz August 1 Early 2023"]
[White "Hercegovac, Neven"]
[Black "Osiecki, Stanislaw"]
[WhiteFideId "2839135"]
[BlackFideId "1102990"]
[WhiteElo "2328"]
[BlackElo "2007"]
[Result "0-1"]
[Round "3"]
[TimeControl "180+1"]
[Date "2023.08.01"]
[WhiteClock "0:01:10"]
[BlackClock "0:01:00"]
[Board "261"]

1. d4 Nf6 2. Bf4 g6 3. Nf3 Bg7 4. e3 O-O 5. Be2 Nh5 6. Be5 d6 7. Bxg7 Nxg7 8. O-O Nd7 9. c4 e5 10. Nc3 c6 11. b4 a5 12. b5 f5 13. bxc6 bxc6 14. dxe5 dxe5 15. c5 Nxc5 16. Bc4+ Be6 17. Bxe6+ Ngxe6 18. Nxe5 Qc7 19. Nc4 Rfd8 20. Qf3 Ng5 21. Qg3 Qxg3 22. hxg3 Nge4 23. Nxe4 Nxe4 24. Rfd1 Kf7 25. Rxd8 Rxd8 26. Nxa5 c5 27. Rc1 Rd2 28. f3 Rxa2 29. fxe4 Rxa5 30. exf5 gxf5 31. Kf2 Ke6 32. Kf3 Ke5 33. g4 fxg4+ 34. Kxg4 Ke4 35. Rh1 Ra7 36. Rc1 Rc7 37. Kh5 Kxe3 38. g4 Kd2 39. Rh1 c4 40. g5 c3 0-1


[Site "https://www.chess.com"]

[Event "Titled Tuesday Blitz August 1 Early 2023"]
[White "Gueci, Tea"]
[Black "Navyblue1"]
[WhiteFideId "872342"]
[WhiteElo "2327"]
[BlackElo "1943"]
[Result "1-0"]
[Round "3"]
[TimeControl "180+1"]
[Date "2023.08.01"]
[WhiteClock "0:01:01"]
[BlackClock "0:00:00"]
[Board "262"]

1. e4 c5 2. d4 cxd4 3. Nf3 Nf6 4. e5 Nd5 5. c3 Nc6 6. cxd4 d6 7. Bc4 Nb6 8. Bb5 Bd7 9. exd6 e6 10. O-O Bxd6 11. Nc3 O-O 12. a4 Nb4 13. a5 N6d5 14. Be2 Rc8 15. Ne4 Be7 16. Bd2 Nc6 17. a6 bxa6 18. Bxa6 Rb8 19. b3 Qb6 20. Bc4 Ncb4 21. Bg5 Bxg5 22. Nfxg5 h6 23. Nf3 a5 24. Ne5 Bb5 25. Nc5 Bxc4 26. bxc4 Nc3 27. Qd2 1-0


[Site "https://www.chess.com"]

[Event "Titled Tuesday Blitz August 1 Early 2023"]
[White "Carlsen, Magnus"]
[Black "Ashraf, Artin"]
[WhiteFideId "1503014"]
[BlackFideId "22514805"]
[WhiteElo "3246"]
[BlackElo "2862"]
[Result "1-0"]
[Round "4"]
[TimeControl "180+1"]
[Date "2023.08.01"]
[WhiteClock "0:01:31"]
[BlackClock "0:00:00"]
[Board "1"]

1. c3 d5 2. Na3 e5 3. Nf3 e4 4. Nd4 c5 5. Ndc2 Nf6 6. d3 exd3 7. exd3 Nc6 8. Be2 Bd6 9. O-O h6 10. d4 O-O 11. Nb5 Be7 12. dxc5 Bxc5 13. Be3 Qe7 14. Bxc5 Qxc5 15. Nbd4 Bd7 16. Re1 Rfe8 17. Bf1 Ne5 18. f3 Qc7 19. Qd2 Rad8 20. Re2 Re7 21. Rae1 Rde8 22. Re3 Nc6 23. Rxe7 Rxe7 24. Rxe7 Nxe7 25. Qf2 a6 26. Nb4 Qe5 27. Nd3 Qd6 28. Qg3 Qb6 29. Qf2 Qd6 30. Qe3 Kf8 31. Qe5 Qxe5 32. Nxe5 Ke8 33. Kf2 Be6 34. Ke3 Nd7 35. Nd3 Nf5+ 36. Nxf5 Bxf5 37. Kd4 Bxd3 38. Bxd3 Nf6 39. Kc5 Kd8 40. Kd6 a5 41. Bb5 Nh5 42. g3 Nf6 43. a3 b6 44. b4 axb4 45. cxb4 d4 46. Ke5 Ke7 47. Kxd4 Kd6 48. Bc4 Nh7 49. Bxf7 Ng5 50. Bd5 Nh3 51. f4 Ng1 52. a4 Ne2+ 53. Kc4 g5 54. f5 Ke5 55. a5 bxa5 56. bxa5 Nd4 57. a6 Nxf5 58. a7 Nd6+ 59. Kc5 1-0


[Site "https://www.chess.com"]

[Event "Titled Tuesday Blitz August 1 Early 2023"]
[White "Naroditsky, Daniel"]
[Black "Mitrabha, Guha"]
[WhiteFideId "2026961"]
[BlackFideId "5057000"]
[WhiteElo "3111"]
[BlackElo "2849"]
[Result "1-0"]
[Round "4"]
[TimeControl "180+1"]
[Date "2023.08.01"]
[WhiteClock "0:00:51"]
[BlackClock "0:00:15"]
[Board "2"]

1. e4 c6 2. Nf3 d5 3. exd5 cxd5 4. d4 Nc6 5. Bb5 Bd7 6. c4 e6 7. Nc3 Nf6 8. O-O Be7 9. Ne5 dxc4 10. Nxc6 Bxc6 11. Bxc6+ bxc6 12. Qa4 O-O 13. Qxc4 Nd5 14. Qxc6 Rc8 15. Qa4 Nxc3 16. bxc3 Rxc3 17. Qxa7 Rc7 18. Qa4 Qa8 19. Qxa8 Rxa8 20. Be3 Rca7 21. Rfc1 f6 22. d5 Ra6 23. dxe6 Rxe6 24. a4 Rea6 25. Rc4 Kf7 26. g3 Bd6 27. Kg2 Be5 28. Ra2 Bd6 29. h4 Be7 30. Kf3 Ke6 31. Re4+ Kf7 32. Rc4 Ke6 33. Re4+ Kf7 34. Bd2 Bd8 35. Rd4 Ke6 36. Bc3 Bc7 37. Rc4 Bd8 38. a5 Kd5 39. Rd4+ Kc6 40. Rc2 Kb5 41. Rb4+ Kc5 42. Rb7 Kc4 43. Bxf6+ Kd3 44. Rc3+ Kd2 45. Rd7+ 1-0


[Site "https://www.chess.com"]

[Event "Titled Tuesday Blitz August 1 Early 2023"]
[White "Sarana, Alexey"]
[Black "Talibov, Shiroghlan"]
[WhiteFideId "24133795"]
[BlackFideId "13429078"]
[WhiteElo "3105"]
[BlackElo "2846"]
[Result "1-0"]
[Round "4"]
[TimeControl "180+1"]
[Date "2023.08.01"]
[WhiteClock "0:00:06"]
[BlackClock "0:00:00"]
[Board "3"]

1. d4 Nf6 2. c4 e6 3. Nc3 d5 4. Nf3 c5 5. cxd5 cxd4 6. Qxd4 exd5 7. Bg5 Be7 8. Rd1 Be6 9. Qa4+ Nbd7 10. e3 O-O 11. Nd4 Nc5 12. Qc2 Rc8 13. Bd3 Nfe4 14. Bxe7 Qxe7 15. O-O Nxc3 16. Qxc3 Rfd8 17. Qa3 b6 18. Rd2 g6 19. Rfd1 Rd7 20. Bb5 Rdc7 21. f3 Qf6 22. Ne2 a6 23. Bd3 Nxd3 24. Qxd3 a5 25. Qd4 Qxd4 26. Nxd4 Rc5 27. Kf2 Kg7 28. h4 h5 29. Ne2 Kf6 30. Nc3 Ke5 31. Rd4 b5 32. R1d2 b4 33. Ne2 Rc2 34. Nf4 Rxd2+ 35. Rxd2 Rc7 36. Ne2 Bf5 37. Nd4 Bd7 38. b3 Rc1 39. Ne2 Rc5 40. Nd4 Rc1 41. Ke2 Rh1 42. Rd1 Rxd1 43. Kxd1 f6 44. Kd2 Kd6 45. Kc2 Ke5 46. Kb2 Kd6 47. a3 Kc5 48. axb4+ Kxb4 49. Nc2+ Kc5 50. Kc3 g5 51. g3 gxh4 52. gxh4 Bc8 53. Ne1 Ba6 54. Nc2 Be2 55. Nd4 Bd1 56. Kd2 Bxb3 57. Nxb3+ Kb4 58. Nd4 a4 59. Kc2 Kc4 60. Ne6 a3 61. Nf4 d4 62. exd4 Kxd4 63. Nxh5 f5 64. Ng7 Ke5 65. Kb3 Kf6 66. Nh5+ 1-0


[Site "https://www.chess.com"]

[Event "Titled Tuesday Blitz August 1 Early 2023"]
[White "Kazakouski, Valery"]
[Black "Firouzja, Alireza"]
[WhiteFideId "13507443"]
[BlackFideId "12573981"]
[WhiteElo "2840"]
[BlackElo "3085"]
[Result "1/2-1/2"]
[Round "4"]
[TimeControl "180+1"]
[Date "2023.08.01"]
[WhiteClock "0:00:06"]
[BlackClock "0:00:07"]
[Board "4"]

1. Nf3 Nf6 2. c4 g6 3. g3 Bg7 4. Bg2 O-O 5. O-O d6 6. d4 Nbd7 7. Nc3 e5 8. e4 c6 9. h3 Qb6 10. Re1 exd4 11. Nxd4 Re8 12. Re2 Nc5 13. Bf4 Ne6 14. Be3 Ng4 15. hxg4 Nxd4 16. Rd2 c5 17. Nd5 Qd8 18. g5 Be6 19. Nf6+ Bxf6 20. gxf6 Qxf6 21. Bxd4 cxd4 22. Rxd4 Rad8 23. Qd2 h5 24. Rd1 Bg4 25. f3 Be6 26. b3 Qe5 27. Qf4 Qc5 28. Kh2 b5 29. cxb5 Qxb5 30. Rxd6 Rxd6 31. Qxd6 Rc8 32. Rd2 a5 33. f4 Bg4 34. Qf6 Qb4 35. Rd8+ Rxd8 36. Qxd8+ Kg7 37. f5 Qc3 38. fxg6 fxg6 39. Qe7+ Kh6 40. Qf8+ Kh7 41. Qe7+ Kh6 42. e5 Qe3 43. Qf8+ Kh7 44. Qf7+ Kh6 45. Qf4+ Qxf4 46. gxf4 g5 47. Kg3 Be6 48. Be4 h4+ 49. Kf3 gxf4 50. Kxf4 h3 51. Kg3 Kg5 52. Bd3 Bd7 53. Bc4 Kf5 54. Kxh3 Kxe5+ 55. Kg3 Kd4 56. Kf2 a4 57. Ke2 Kc3 58. bxa4 Kxc4 59. Kd2 Kb4 60. Kc2 Ka5 61. Kb1 Kxa4 62. Kb2 Be6 63. Kc1 Bf7 64. Kd2 Bxa2 1/2-1/2


[Site "https://www.chess.com"]

[Event "Titled Tuesday Blitz August 1 Early 2023"]
[White "Bortnyk, Olexandr"]
[Black "Kovalenko, Igor"]
[WhiteFideId "14120828"]
[BlackFideId "14117908"]
[WhiteElo "3079"]
[BlackElo "2836"]
[Result "0-1"]
[Round "4"]
[TimeControl "180+1"]
[Date "2023.08.01"]
[WhiteClock "0:00:00"]
[BlackClock "0:00:58"]
[Board "5"]

1. d4 Nf6 2. Nc3 e6 3. Bf4 Bb4 4. Qd3 b6 5. O-O-O O-O 6. Nh3 Ba6 7. Qf3 d5 8. Bg5 Nbd7 9. g4 Rc8 10. Nb1 Be7 11. e3 Bxf1 12. Rhxf1 c5 13. Nd2 cxd4 14. exd4 b5 15. Kb1 b4 16. Nf4 a5 17. Rfe1 Rc6 18. Bxf6 Bxf6 19. Qd3 Bg5 20. Ng2 Bxd2 21. Rxd2 Nb6 22. f4 Nc4 23. Rde2 a4 24. f5 exf5 25. gxf5 a3 26. b3 Nd6 27. Nf4 Rc3 28. Qa6 Nxf5 29. Rg1 Rf3 30. Nh5 Qg5 31. Nf6+ Kh8 32. Ng4 Qxg4 33. Rd1 Qxd4 0-1


[Site "https://www.chess.com"]

[Event "Titled Tuesday Blitz August 1 Early 2023"]
[White "Pranesh M"]
[Black "Ohanyan, Emin"]
[WhiteFideId "35028600"]
[BlackFideId "13312022"]
[WhiteElo "3072"]
[BlackElo "2812"]
[Result "1/2-1/2"]
[Round "4"]
[TimeControl "180+1"]
[Date "2023.08.01"]
[WhiteClock "0:00:36"]
[BlackClock "0:00:26"]
[Board "6"]

1. e4 c5 2. Nf3 e6 3. d4 cxd4 4. Nxd4 Nf6 5. Nc3 Nc6 6. Ndb5 d6 7. Bf4 e5 8. Bg5 a6 9. Na3 b5 10. Nd5 Be7 11. Bxf6 Bxf6 12. c3 Rb8 13. Nc2 Bg5 14. Bd3 O-O 15. a3 Be6 16. Ncb4 Nxb4 17. Nxb4 Qb6 18. Be2 a5 19. Nd5 Bxd5 20. Qxd5 b4 21. cxb4 axb4 22. a4 b3 23. O-O Qc5 24. Qxc5 dxc5 25. a5 Bd8 26. Rfc1 Ra8 27. Rxc5 Bb6 28. Rb5 Rfb8 29. Ra3 Bd4 30. Rxb8+ Rxb8 31. a6 g6 32. g3 Kg7 33. Bc4 Bxb2 34. Rxb3 Rxb3 35. Bxb3 Bd4 36. Kf1 Kf8 37. Ke2 Ke7 38. f3 f6 39. Bg8 h6 40. Kd3 Kd6 41. Kc4 g5 42. Kd3 Ke7 43. Ke2 Kf8 44. Bd5 Ba7 45. Kf1 Kg7 46. Kg2 Kg6 47. Be6 Bb6 48. Bd7 Ba7 49. Be8+ Kg7 50. Kh3 Kf8 51. Ba4 h5 52. Bd7 Kg7 53. Be8 Kh6 54. Kg2 h4 55. Kh3 hxg3 56. Kxg3 Kg7 57. Kg4 Kf8 58. Bb5 Kf7 59. Kf5 Ke7 60. h3 Bb6 61. Bc4 Ba7 62. Kg4 Kf8 63. Bd5 Bb6 64. Kh5 Kg7 65. Bc4 Kf8 66. Kg6 Ke7 67. Kh5 Ba7 68. Kg4 Bb6 69. Kf5 Ba7 70. Be2 Bb6 71. Bf1 Ba7 72. Bg2 Bb6 73. f4 exf4 74. e5 fxe5 75. Kxe5 f3 76. Bxf3 Be3 77. Ke4 Ba7 78. Kd5 Kd8 79. Kc6 Kc8 80. Kd5 Kb8 81. Ke4 Bf2 82. Kf5 Be3 83. Kg4 Ka7 84. Be2 Bc1 85. Kf3 Bd2 86. Bf1 Bc1 87. Ke4 Bd2 88. Kd3 Bc1 89. Be2 Ba3 90. Ke4 Bc1 91. Kf3 Ba3 92. Kg4 Be7 93. Bd3 Bd8 94. Bc4 Be7 95. Bf1 Bd8 96. Kf5 Be7 97. Ke6 Bb4 98. Ke5 Bd2 99. Ke4 Be1 100. Ke3 Bh4 101. Ke2 Kb6 102. Kf3 Ka7 103. Kg4 Kb6 104. Be2 Ka7 105. Bd3 Kb6 106. Bf1 Ka7 107. Kf5 Kb6 108. Be2 Ka7 109. Ke6 Kb6 110. Kd7 Ka7 111. Kc8 Bg3 112. Kd7 Bh4 113. Kc6 Bg3 114. Kb5 Bh4 115. Bg4 Bg3 116. Bc8 Bh4 117. Kc4 Bg3 118. Kd3 Bh4 119. Ke4 Kb8 120. Bb7 Ka7 121. Kf5 Kb6 122. Kg4 Ka7 123. Kh5 Kb6 124. Kg4 Ka7 125. Kf5 Kb6 126. Bc8 1/2-1/2


[Site "https://www.chess.com"]

[Event "Titled Tuesday Blitz August 1 Early 2023"]
[White "Aronian, Levon"]
[Black "Priasmoro, Novendra"]
[WhiteFideId "13300474"]
[BlackFideId "7105029"]
[WhiteElo "3066"]
[BlackElo "2789"]
[Result "1-0"]
[Round "4"]
[TimeControl "180+1"]
[Date "2023.08.01"]
[WhiteClock "0:01:07"]
[BlackClock "0:00:00"]
[Board "7"]

1. e4 e5 2. Nf3 Nc6 3. Bc4 Nf6 4. Ng5 d5 5. exd5 Na5 6. Bb5+ c6 7. dxc6 bxc6 8. Be2 h6 9. Nh3 Bc5 10. d3 O-O 11. Nc3 Nd5 12. O-O f5 13. Kh1 Nxc3 14. bxc3 f4 15. Ng1 Bf5 16. Nf3 e4 17. dxe4 Bxe4 18. Bd3 Bd5 19. a4 Qd6 20. Nd4 f3 21. Nxf3 Bxf3 22. gxf3 Qe5 23. Rg1 Kh8 24. Rg6 Bd6 25. Qg1 1-0


[Site "https://www.chess.com"]

[Event "Titled Tuesday Blitz August 1 Early 2023"]
[White "Andreikin, Dmitry"]
[Black "Dvirnyy, Danyyil"]
[WhiteFideId "4158814"]
[BlackFideId "817570"]
[WhiteElo "3043"]
[BlackElo "2788"]
[Result "1-0"]
[Round "4"]
[TimeControl "180+1"]
[Date "2023.08.01"]
[WhiteClock "0:01:53"]
[BlackClock "0:00:00"]
[Board "8"]

1. d4 d6 2. e4 Nf6 3. Nc3 e5 4. Nf3 Nbd7 5. g4 Nxg4 6. Rg1 Ngf6 7. Bc4 h6 8. Be3 c6 9. Qe2 b5 10. Bb3 Qa5 11. O-O-O Ba6 12. dxe5 b4 13. Qe1 bxc3 14. exf6 cxb2+ 15. Kxb2 Qxe1 16. Rgxe1 Nxf6 17. e5 Ng4 18. exd6 Nxe3 19. Rxe3+ Kd8 20. Ne5 Kc8 21. Nxf7 1-0


[Site "https://www.chess.com"]

[Event "Titled Tuesday Blitz August 1 Early 2023"]
[White "Pranav, V"]
[Black "Krzyzanowski, Marcin"]
[WhiteFideId "25060783"]
[BlackFideId "1132199"]
[WhiteElo "3029"]
[BlackElo "2786"]
[Result "0-1"]
[Round "4"]
[TimeControl "180+1"]
[Date "2023.08.01"]
[WhiteClock "0:00:00"]
[BlackClock "0:00:08"]
[Board "9"]

1. Nf3 Nf6 2. g3 g6 3. Bg2 Bg7 4. O-O O-O 5. d3 d5 6. Nbd2 c5 7. e4 Nc6 8. Re1 e6 9. Qe2 b5 10. Nf1 b4 11. e5 Nd7 12. Bf4 a5 13. h4 a4 14. a3 Ba6 15. h5 c4 16. h6 Bh8 17. dxc4 Bxc4 18. Qd1 bxa3 19. bxa3 Bxf1 20. Bxf1 Re8 21. Bb5 Qc7 22. Rb1 Na5 23. Rb4 Rec8 24. c4 Nb6 25. c5 Nbc4 26. Bxc4 Nxc4 27. Qd3 Qxc5 28. Reb1 Qf8 29. Kg2 Rab8 30. Rxa4 Nb2 31. Rxb2 Rxb2 32. Be3 Rb7 33. Rf4 Qe7 34. a4 f6 35. exf6 Bxf6 36. a5 Rd7 37. Qb5 Rb7 38. Qa6 Rcb8 39. Qc6 Rc8 40. Qa6 Rcb8 41. Bc5 Qxc5 42. Qxe6+ Rf7 0-1


[Site "https://www.chess.com"]

[Event "Titled Tuesday Blitz August 1 Early 2023"]
[White "Remizov, Yaroslav"]
[Black "Makarian, Rudik"]
[WhiteFideId "34134015"]
[BlackFideId "44105681"]
[WhiteElo "2780"]
[BlackElo "3015"]
[Result "0-1"]
[Round "4"]
[TimeControl "180+1"]
[Date "2023.08.01"]
[WhiteClock "0:00:05"]
[BlackClock "0:00:06"]
[Board "10"]

1. e4 e6 2. d4 d5 3. Nd2 c5 4. Ngf3 cxd4 5. Nxd4 Nc6 6. Bb5 Ne7 7. O-O Bd7 8. Nxc6 Bxc6 9. Qe2 Qd7 10. Bd3 Ng6 11. Nf3 Be7 12. e5 O-O 13. h4 d4 14. h5 Bxf3 15. gxf3 Nh4 16. Qe4 Nf5 17. Kh1 g6 18. Rg1 Kh8 19. Qg4 Qd5 20. Bf4 Rac8 21. Be4 Qd7 22. Rg2 Rg8 23. Rag1 Rg7 24. Rh2 g5 25. h6 Rg6 26. Bd2 Rcg8 27. c3 Bc5 28. Qh5 Rxh6 29. Qxh6 Nxh6 30. Rxh6 Rg7 31. Bxg5 Be7 32. Bf6 Bxf6 33. exf6 Rxg1+ 34. Kxg1 Qd8 35. Rxh7+ Kg8 36. Rg7+ Kf8 37. Bh7 Qxf6 38. Rg8+ Ke7 39. cxd4 Qxd4 40. Ra8 a6 41. Be4 Qxb2 42. Rb8 Qxa2 43. Rxb7+ Kf6 44. Ra7 a5 45. Kg2 Qd2 46. Bc6 Qg5+ 47. Kf1 Qc1+ 48. Kg2 Qxc6 49. Rxa5 Kg6 50. Ra3 f5 51. Re3 Kf6 52. Rd3 e5 53. Re3 Qc4 54. Ra3 Kg5 55. Ra8 Qd5 56. Ra4 e4 57. fxe4 fxe4 58. Kg1 Qd1+ 59. Kh2 Qxa4 60. Kg2 Qb3 61. Kg1 Qa3 62. Kg2 Kf4 63. Kh2 Kf3 64. Kg1 Qd6 65. Kh1 Qh6+ 66. Kg1 Qg5+ 67. Kf1 Qc1# 0-1


[Site "https://www.chess.com"]

[Event "Titled Tuesday Blitz August 1 Early 2023"]
[White "Hovhannisyan, Robert"]
[Black "Tristan, Leonardo"]
[WhiteFideId "13302507"]
[BlackFideId "113816"]
[WhiteElo "2977"]
[BlackElo "2771"]
[Result "0-1"]
[Round "4"]
[TimeControl "180+1"]
[Date "2023.08.01"]
[WhiteClock "0:00:00"]
[BlackClock "0:00:21"]
[Board "12"]

1. e4 d5 2. exd5 Qxd5 3. Nf3 Bg4 4. Nc3 Qe6+ 5. Qe2 Qxe2+ 6. Bxe2 Nc6 7. h3 Bh5 8. g4 Bg6 9. Bb5 e6 10. Ne5 Ne7 11. d3 f6 12. Nxc6 Nxc6 13. Bxc6+ bxc6 14. Be3 h5 15. g5 h4 16. Rg1 Bf5 17. Rh1 Bd6 18. Ne4 Be7 19. O-O-O a5 20. f4 a4 21. Rde1 Kf7 22. Rh2 a3 23. b3 Bxe4 24. dxe4 fxg5 25. fxg5 Ra5 26. Rg2 Kg6 27. Bd2 Rc5 28. Kb1 Rh5 29. Bb4 Rcxg5 30. Rxg5+ Bxg5 31. Bxa3 Bd2 32. Rg1+ Kf6 33. Bb2+ e5 34. a4 Be3 35. Rf1+ Ke6 36. Rf3 Bf4 37. a5 g5 38. Ba3 Rh8 39. Bc5 g4 40. hxg4 h3 41. Rf1 h2 42. Rh1 Kd7 43. b4 Rg8 44. a6 Kc8 45. Kb2 Rxg4 46. Ra1 Kb8 47. Rd1 Rg8 48. Kb3 Rh8 49. a7+ Kb7 50. c4 h1=Q 51. Rxh1 Rxh1 52. b5 cxb5 53. cxb5 Be3 54. Bxe3 Rh3 55. Kc4 Rxe3 56. Kd5 Rb3 57. Kxe5 Rxb5+ 58. Kf6 Kxa7 59. e5 c5 60. e6 c4 61. e7 Rb6+ 62. Kf5 Rb8 63. e8=Q Rxe8 0-1


[Site "https://www.chess.com"]